 Dungeon Crawl Stone Soup version 0.28-b1-25-g9875b3fc8c (webtiles) character file.

Game seed: 12778902231208455781

119 Minsecho the Chiller (level 4, -5/35 HPs)
             Began as a Draconian Ice Elementalist on Feb 1, 2022.
             Slain by a gnoll (8 damage)
             ... on level 3 of the Dungeon.
             The game lasted 00:08:15 (2988 turns).

Minsecho the Chiller (Draconian Ice Elementalist)   Turns: 2988, Time: 00:08:17

Health: -5/35      AC:  5    Str: 11    XL:     4   Next: 73%
Magic:  1/8        EV: 12    Int: 17    God:
Gold:   73         SH:  0    Dex: 11    Spells: 1/8 levels left

rFire   + . .      SeeInvis .   d - +0 short sword
rCold   . . .      Faith    .   (no shield)
rNeg    . . .      Spirit   .   (armour unavailable)
rPois   .          Reflect  .   (helmet restricted)
rElec   .          Harm     .   (no cloak)
rCorr   .          Rampage  .   (no gloves)
Will    .....                   (no boots)
Stlth   ++........              (no amulet)
HPRegen 0.11/turn               j - ring of protection from fire
MPRegen 0.11/turn               (no ring)

@: no status effects
A: AC +5, unfitting armour, cold-blooded
a: no special abilities


You were on level 3 of the Dungeon.
You visited 1 branch of the dungeon, and saw 3 of its levels.

You collected 73 gold pieces.

Inventory:

Hand Weapons
 d - a +0 short sword (weapon)
Jewellery
 j - a ring of protection from fire (left hand)
Wands
 l - a wand of paralysis (7)
Scrolls
 b - a scroll of holy word {unknown}
 e - a scroll of summoning {unknown}
 f - a scroll of enchant weapon {unknown}
 h - a scroll of identify {unknown}
 i - 2 scrolls of teleportation {unknown}
Potions
 a - a potion of curing {unknown}
 c - a potion of brilliance {unknown}
 g - a potion of cancellation {unknown}
 k - 2 potions of flight {unknown}


   Skills:
 + Level 1.0 Fighting
 + Level 0.9 Short Blades
 + Level 2.2 Dodging
 + Level 2.1 Stealth
 + Level 0.2 Unarmed Combat
 + Level 2.8 Spellcasting
 + Level 4.9 Ice Magic


You had one spell level left.
You knew the following spells:

 Your Spells              Type           Power      Damage    Failure   Level
a - Freeze                Ice            76%        1d9       2%          1
b - Frozen Ramparts       Ice            38%        1d5       7%          3
c - Ozocubu's Armour      Ice            19%        N/A       7%          3

Your spell library contained the following spells:

 Spells                   Type           Power      Damage    Failure   Level
 Hailstorm                Conj/Ice       10%        3d5       54%         4


Dungeon Overview and Level Annotations

Branches:
Dungeon (3/15)

Altars:
Makhleb
Nemelex Xobeh


Innate Abilities, Weirdness & Mutations

Your plain brown scales are hard. (AC +5)
You cannot fit into any form of body armour.
You are cold-blooded and may be slowed by cold attacks.


Message History

Confirm with . or Enter, or press ? or * to list all spells.
You can't see any susceptible monsters within range! (Use Z to cast anyway.) Unknown command.
Casting: Freeze (safe; 2% risk of failure)
Confirm with . or Enter, or press ? or * to list all spells.
Casting: Frozen Ramparts (dangerous; 8% risk of failure)
Press: ? - help, Dir - look around, f - activate The walls around you are covered in ice.
The wall freezes the gnoll. x2
You hit the gnoll.
You kill the gnoll!
The wall freezes the gnoll.
You kill the gnoll!
Your Fighting skill increases to level 1!
The frozen ramparts melt away as you move.
You see here a +0 long sword.
A gnoll is nearby!
You see here a bat skeleton.
You see here a bat skeleton.
Casting: Frozen Ramparts (dangerous; 7% risk of failure)
Confirm with . or Enter, or press ? or * to list all spells.
You don't have enough magic to cast this spell.
Hit: d) +0 short sword
Press: ? - help, Dir - move target, f - you
Okay, then.
Unknown command.
Casting: Frozen Ramparts (dangerous; 7% risk of failure)
Confirm with . or Enter, or press ? or * to list all spells.
You can't see any susceptible monsters within range! (Use Z to cast anyway.)
The gnoll hits you with a +0 halberd!
* * * LOW HITPOINT WARNING * * *
Casting: Frozen Ramparts (dangerous; 7% risk of failure)
Confirm with . or Enter, or press ? or * to list all spells.
Aiming: Freeze (safe; 2% risk of failure)
Press: ? - help, Shift-Dir - straight line, f - gnoll
Aim: a gnoll, wielding a +0 halberd You freeze the gnoll!
The gnoll is severely wounded.
The gnoll hits you with a +0 halberd!
You die...

#.
##.....###.#.###...##
.. #.......##.#.#
#..... ###
##.....###g#.# #...##
##...###..#.# #..###
###.##g..#.# #..#..
#.÷÷....#.# ####.♣
#.#.....#.# ##.♣
#g#####.#.# ##.♣
#@##....#.# ##..
#.##....#.# ####
#.##[...#.# ####
#.#####.#.# ..#
#[#.######## ..#
#.#.........
#..#####.####......
#........#<........
#........###.#.####


You could see a gnoll.

Vanquished Creatures
  5 gnolls
  An adder (D:2)
  A worm (D:2)
  3 dart slugs
  3 ball pythons
  16 bats
  5 endoplasms
  2 giant cockroaches
  3 goblins (D:1)
  2 hobgoblins (D:1)
  4 jackals (D:1)
  3 kobolds
  2 quokkas
  2 rats
52 creatures vanquished.

Notes
Turn   | Place    | Note
-------+----------+-------------------------------------------
     0 | D:1      | Minsecho the Draconian Ice Elementalist began the quest for
                  | the Orb.
     0 | D:1      | Reached XP level 1. HP: 14/14 MP: 3/3
   152 | D:1      | Found a faded altar of an unknown god.
   246 | D:1      | Reached XP level 2. HP: 15/20 MP: 1/5
  1024 | D:1      | Reached XP level 3. HP: 13/27 MP: 6/6
  1796 | D:1      | Reached XP level 4. HP: 8/34 MP: 0/7
  2537 | D:3      | Found a burning altar of Makhleb.
  2542 | D:3      | Learned a level 3 spell: Frozen Ramparts
  2546 | D:3      | Learned a level 3 spell: Ozocubu's Armour
  2547 | D:3      | Noticed a balrug
  2804 | D:3      | Found a sparkling altar of Nemelex Xobeh.
  2974 | D:3      | Reached skill level 1 in Fighting
  2988 | D:3      | Slain by a gnoll

Illustrated notes

Levels and vault maps discovered:
D:1:      matt_arrival_diagonals, layout_loops_ring,
          hellmonk_ecumenical_altar_arch_garden
D:2:      layout_basic, serial_glass, glass_columns_c, glass_columns_b
D:3:      layout_basic, mainiacjoe_overflow_alcove_1, makhleb_altar_promises_db,
          mainiacjoe_overflow_alcove_4, roderic_batcave

Skill      XL: |  1  2  3  4 |
---------------+-------------+-----
Dodging        | 2 |  2.2
Stealth        | 2 |  2.1
Fighting       | 1 |  1.0
Short Blades   | |  0.9
Unarmed Combat | |  0.2
Spellcasting   | |  2.8
Ice Magic      | |  4.9

Action                   |  1- 3 |  4- 6 || total
-------------------------+-------+-------++-------
Melee: Unarmed           |    20 |       ||    20
       Tailslap          |     5 |     4 ||     9
       Short sword       |    41 |    25 ||    66
       Punch             |     1 |       ||     1
 Cast: Freeze            |    38 |    19 ||    57
       Frozen Ramparts   |       |     2 ||     2
 Stab: Sleeping          |     2 |     2 ||     4
Armor: Skin              |    45 |    18 ||    63
Dodge: Dodged            |    67 |    37 ||   104
